 Dungeon Crawl Stone Soup version 0.31-a0-703-gcfe89afef6 (webtiles) character file.

Game seed: 17429559546689326732

424 qw the Shooter (level 6, -5/38 HPs)
             Began as a Gargoyle Hunter on Sept 8, 2023.
             Slain by an orc warrior
             ... wielding a +0 halberd
              (10 damage)
             ... on level 6 of the Dungeon.
             The game lasted 00:00:51 (2548 turns).

qw the Shooter (Gargoyle Hunter)                    Turns: 2548, Time: 00:00:52

Health: -5/38      AC:  7    Str: 14    XL:     6   Next: 96%
Magic:  6/6        EV: 12    Int: 10    God:
Gold:   178        SH:  0    Dex: 15    Spells: 5/5 levels left

rFire   . . .        Y - +1 shortbow (drain)
rCold   . . .        (shield currently unavailable)
rNeg    + . .        c - +0 leather armour
rPois   inf          (no helmet)
rElec   +            (no cloak)
rCorr   .            (no gloves)
SInv    .            (no boots)
Will    .....        (no amulet)
Stlth   ++           (no ring)
HPRegen 0.26/turn    (no ring)
MPRegen 0.10/turn

%: no passive effects
@: no status effects
A: sickness immunity, AC +4, negative energy resistance 1, electricity
resistance, torment resistance 1, petrification resistance
a: no special abilities


You were on level 6 of the Dungeon.
You visited 1 branch of the dungeon, and saw 4 of its levels.

You collected 178 gold pieces.


Innate Abilities, Weirdness & Mutations

You are immune to sickness and miasma.
Your stone body is resilient. (AC +4)
You are immune to poison.
You resist negative energy. (rN+)
You are resistant to electric shocks. (rElec)
You are resistant to unholy torment.
You are immune to petrification.


   Skills:
 - Level 4.0 Fighting
 + Level 7.0 Ranged Weapons
 - Level 2.4 Dodging
 - Level 1.1 Stealth


You had 5 spell levels left.
You didn't know any spells.
Your spell library was empty.

Inventory:

Hand Weapons
 Y - a +1 shortbow of draining (weapon)
Armour
 b - a +0 ring mail
 c - a +0 leather armour (worn)
 d - a +0 cloak
Scrolls
 i - a scroll of revelation {unknown}
 j - 2 scrolls of identify
Potions
 a - a potion of curing {unknown}
 e - a potion of magic {unknown}
 f - a potion of degeneration {unknown}
 g - a potion of ambrosia {unknown}
 h - a potion of haste {unknown}

Dungeon Overview and Level Annotations

Branches:
Dungeon (3/15)

Altars:

Shops:
D:3 !


Message History

The orc hits you but does no damage.
The orc warrior hits you from afar with a +0 halberd!
You shoot an arrow. The arrow hits the orc!
You kill the orc!
The orc warrior closely misses you.
You shoot an arrow. The arrow hits the orc warrior!
You drain the orc warrior.
The orc warrior is severely wounded.
You hear some strange, mumbled words.
A puff of flame appears from out of thin air!
The puff of flame hits you! The orc warrior closely misses you.
You shoot an arrow.
The arrow hits the orc warrior but does no damage.
The orc warrior is severely wounded.
You hear some strange, mumbled words.
A puff of flame appears from out of thin air!
The puff of flame hits you! The orc warrior barely misses you.
You shoot an arrow.
The arrow closely misses the orc warrior.
The orc warrior barely misses you.
You shoot an arrow.
The arrow hits the orc warrior but does no damage.
You drain the orc warrior.
The orc warrior is severely wounded.
Something hits you. The orc warrior completely misses you.
You shoot an arrow. Something hits you but does no damage.
The orc warrior closely misses you.
2546 |||
Found retreat position at -6,0 (floor) with 0 blocking monsters and 1 monsters attacking at destination at distance 6
2546 ||| Stepping ~*~*~tactically~*~*~ (retreating).
An adder comes into view.
Something hits you but does no damage.
You shoot an arrow.
The arrow barely misses the orc warrior.
Something hits you.
The orc warrior hits you but does no damage.
2548 |||
Found retreat position at 1,0 (floor) with 0 blocking monsters and 2 monsters attacking at destination at distance 1
2548 ||| Stepping ~*~*~tactically~*~*~ (retreating).
You shoot an arrow. Something hits you.
The orc warrior hits you from afar with a +0 halberd!
You die...

....#.... #..#...#
#..#...
#.....######o
#............
#.......###..
#.....o...# .
##########.....#..
...S...@.oo....)..
##########.....#.#
#...............#
#.###......##.###
#.####.# .#
#.####.# #
#.###....#.#
#........#.#
#####......#


You could see an orc warrior (very drained), an orc priest and an adder.

Vanquished Creatures
  Sigmund (D:2)
  A scorpion (D:6)
  Natasha (thrice) (D:2)
  3 gnolls (D:2)
  6 adders
  A worm (D:3)
  2 dart slugs (D:1)
  3 orcs
  3 endoplasms
  2 giant cockroaches (D:1)
  3 goblins
  2 hobgoblins
  3 jackals (D:1)
  A quokka (D:2)
  8 ball pythons
  4 bats
  3 frilled lizards
  5 kobolds
  6 rats
  A spectral hobgoblin (D:1)
61 creatures vanquished.

Notes
Turn   | Place    | Note
-------+----------+-------------------------------------------
     0 | D:1      | qw the Gargoyle Hunter began the quest for the Orb.
     0 | D:1      | Reached XP level 1. HP: 12/12 MP: 1/1
     0 | D:1      | 0 ||| qw: Version: 0.3-a-76-g4403597
     0 | D:1      | 0 ||| qw: Game counter: 1299
     0 | D:1      | 0 ||| qw: Melee chars always use a shield: true
     0 | D:1      | 0 ||| qw: God list: Okawaru
     0 | D:1      | 0 ||| qw: Allow faded altars: false
     0 | D:1      | 0 ||| qw: Do Orc after clearing Dungeon:15 true
     0 | D:1      | 0 ||| qw: Do second Lair branch before Depths: true
     0 | D:1      | 0 ||| qw: Lair rune preference: random
     0 | D:1      | 0 ||| qw: Goals: Normal
     0 | D:1      | 0 ||| PLANNING D:1-11
    31 | D:1      | Found a faded altar of an unknown god.
    93 | D:1      | Reached XP level 2. HP: 8/17 MP: 2/2
   136 | D:1      | 136 ||| Stepping ~*~*~tactically~*~*~ (water).
   138 | D:1      | 138 ||| Stepping ~*~*~tactically~*~*~ (water).
   140 | D:1      | 140 ||| Stepping ~*~*~tactically~*~*~ (water).
   728 | D:1      | Reached XP level 3. HP: 17/21 MP: 3/3
   760 | D:1      | 760 ||| READING 2 scrolls labelled SOSUHE AS VATT.
   761 | D:1      | 761 ||| READING scroll of brand weapon.
   761 | D:1      | 761 ||| BRANDING +0 shortbow of flaming.
   783 | D:1      | 783 ||| READING scroll labelled BAIRPH QANTEUSI.
   827 | D:1      | 827 ||| READING scroll labelled DOAKLO EVUGOU.
   828 | D:1      | 828 ||| DROPPING scroll of butterflies.
   872 | D:2      | 872 ||| STAIRDANCE
   878 | D:2      | 878 ||| STAIRDANCE
   885 | D:2      | Reached skill level 5 in Ranged Weapons
   982 | D:2      | Noticed Natasha
   988 | D:2      | Killed Natasha
   989 | D:2      | Reached skill level 3 in Fighting
  1281 | D:2      | Noticed Natasha
  1285 | D:2      | Killed Natasha
  1286 | D:2      | Reached XP level 4. HP: 28/28 MP: 4/4
  1366 | D:2      | Noticed Sigmund
  1380 | D:2      | Killed Sigmund
  1381 | D:2      | Reached skill level 6 in Ranged Weapons
  1381 | D:2      | Reached XP level 5. HP: 24/32 MP: 5/5
  1381 | D:2      | Reached XP level 6. HP: 27/37 MP: 6/6
  1481 | D:2      | Noticed Natasha
  1485 | D:2      | Killed Natasha
  1998 | D:2      | 1998 ||| READING 2 scrolls labelled CAESMEASEF.
  1999 | D:2      | 1999 ||| READING scroll labelled FIOLAP RIEKI.
  2000 | D:2      | 2000 ||| READING scroll labelled CEURROI WUALAG.
  2001 | D:2      | 2001 ||| READING scroll labelled AHUHOT FIDI.
  2002 | D:2      | 2002 ||| READING scroll labelled HOJEIS CIGOMU.
  2003 | D:2      | 2003 ||| DROPPING scroll of immolation.
  2120 | D:3      | Reached skill level 7 in Ranged Weapons
  2478 | D:3      | Found Dorr's Distillery.
  2481 | D:3      | You fall into a shaft and drop 3 floors!
  2526 | D:6      | Noticed an orc warrior
  2528 | D:6      | 2528 ||| RETREATING.
  2534 | D:6      | 2534 ||| Stepping ~*~*~tactically~*~*~ (retreating).
  2535 | D:6      | 2535 ||| Stepping ~*~*~tactically~*~*~ (retreating).
  2536 | D:6      | 2536 ||| Stepping ~*~*~tactically~*~*~ (retreating).
  2537 | D:6      | 2537 ||| Stepping ~*~*~tactically~*~*~ (retreating).
  2542 | D:6      | HP: 8/38 [something/puff of flame (9)]
  2546 | D:6      | 2546 ||| Stepping ~*~*~tactically~*~*~ (retreating).
  2547 | D:6      | HP: 6/38 [something (1)]
  2548 | D:6      | 2548 ||| Stepping ~*~*~tactically~*~*~ (retreating).
  2548 | D:6      | Slain by an orc warrior

Levels and vault maps discovered:
D:1:      lightli_molten_gateway, layout_basic,
          dreamdust_ecumenical_altar_drowned_temple
D:2:      layout_basic, kennysheep_generic_room_15, uniq_sigmund, uniq_natasha
D:3:      layout_loops_ring, serial_shops, shop
D:6:      layout_basic

Skill      XL: |  1  2  3  4  5  6 |
---------------+-------------------+-----
Ranged Weapons | 5 6 7 |  7.0
Fighting       | 3 4 |  4.0
Dodging        | 2 |  2.4
Stealth        | |  1.1

Action                     |  1- 3 |  4- 6 || total
---------------------------+-------+-------++-------
   Fire: Shortbow          |    91 |    97 ||   188
    Use: Scroll            |     4 |     5 ||     9
 Armour: Leather armour    |    40 |    27 ||    67
  Dodge: Dodged            |    40 |    17 ||    57

Table legend:
 A = Non-vault XP
 B = Vault XP
 C = Vault XP percentage of total XP
 D = Non-vault monster count
 E = Vault monster count
 F = Vault count percentage of total count
                 A         B        C        D         E       F
            +---------+---------+-------+---------+---------+-------
      Total |     356 |     250 |  41.3 |      57 |       4 |   6.6
            +---------+---------+-------+---------+---------+-------
        D:1 |      36 |       1 |   2.7 |      20 |       1 |   4.8
        D:2 |     171 |     249 |  59.3 |      21 |       3 |  12.5
        D:3 |      60 |       0 |   0.0 |      13 |       0 |   0.0
        D:6 |      89 |       0 |   0.0 |       3 |       0 |   0.0
            +---------+---------+-------+---------+---------+-------
